 Dungeon Crawl Stone Soup version 0.29.1-15-g9cfb28693d (webtiles) character file.

Game seed: 5910061584672520823

168 H0rd4k the Charlatan (level 5, 0/38 HPs)
             Began as a Human Artificer on Apr 20, 2023.
             Slain by a goblin
             ... wielding a +0 club
              (4 damage)
             ... on level 3 of the Dungeon on Apr 21, 2023.
             The game lasted 00:03:37 (4038 turns).

H0rd4k the Charlatan (Human Artificer)              Turns: 4038, Time: 00:03:37

Health: 0/38       AC:  3    Str: 12    XL:     5   Next: 77%
Magic:  5/5        EV: 12    Int: 14    God:
Gold:   117        SH:  0    Dex: 13    Spells: 4/4 levels left

rFire   . . .      SeeInvis .   o - +2 falchion (vorpal)
rCold   . . .      Faith    .   (no shield)
rNeg    . . .      Spirit   .   b - +0 leather armour
rPois   .          Reflect  .   (no helmet)
rElec   .          Harm     .   (no cloak)
rCorr   .          Rampage  .   (no gloves)
Will    .....                   (no boots)
Stlth   ++........              g - amulet of the acrobat
HPRegen 0.12/turn               (no ring)
MPRegen 0.09/turn               (no ring)

@: slowed, very slow
A: no striking features
a: no special abilities


You were on level 3 of the Dungeon.
You visited 1 branch of the dungeon, and saw 3 of its levels.

You collected 117 gold pieces.

Inventory:

Hand Weapons
 k - a +0 mace
 o - a +2 vorpal falchion (weapon)
Armour
 b - a +0 leather armour (worn)
Jewellery
 g - an amulet of the acrobat (around neck)
Wands
 c - a wand of flame (15) (quivered)
 d - a wand of charming (15)
 e - a wand of iceblast (4)
 n - a wand of roots (14)
Scrolls
 a - a scroll of torment {unknown}
 f - a scroll of enchant armour {unknown}
 i - a scroll of poison {unknown}
 l - a scroll of identify {unknown}
 p - a scroll of magic mapping {unknown}
 r - a scroll of teleportation {unknown}
 s - a scroll of enchant weapon {unknown}
 t - a scroll of fear {unknown}
Potions
 h - a potion of ambrosia {unknown}
 j - a potion of degeneration {unknown}
 m - a potion of flight {unknown}
 q - a potion of heal wounds {unknown}


   Skills:
 + Level 2.2 Fighting
 + Level 1.8 Long Blades
 - Level 2.0 Maces & Flails
 - Level 2.0 Armour
 + Level 2.2 Dodging
 + Level 2.1 Stealth
 + Level 3.5 Evocations


You had 4 spell levels left.
You didn't know any spells.
Your spell library contained the following spells:

 Spells                   Type           Power      Damage    Failure   Level
 Shock                    Conj/Air       0%         1d3       36%         1
 Summon Small Mammal      Summ           0%         N/A       36%         1
 Call Canine Familiar     Summ           0%         N/A       73%         3
 Summon Guardian Golem    Hex/Summ       0%         N/A       73%         3
 Swiftness                Air            0%         N/A       73%         3
 Airstrike                Air            0%         2d(0-16)  98%         4
 Borgnjor's Revivificati  Necr           0%         N/A       100%        8
 Necromutation            Tmut/Necr      0%         N/A       100%        8
 Death's Door             Necr           0%         N/A       100%        9


Dungeon Overview and Level Annotations

Branches:
Dungeon (3/15)

Altars:

Shops:
D:3 [

Annotations:
D:3 Ijyb


Message History

You hit Natasha.
Natasha is moderately wounded.
Natasha claws you but does no damage.
You hit Natasha.
Natasha is moderately wounded.
Natasha claws you.
You hit Natasha but do no damage.
Natasha is moderately wounded.
The white imp disappears in a puff of smoke!
Natasha claws you.
You barely miss Natasha.
Natasha is moderately wounded.
Natasha barely misses you.
Natasha stares at you and mumbles some strange words.
You feel yourself slow down.
You barely miss Natasha.
Natasha is moderately wounded.
Natasha claws you.
You closely miss Natasha.
Natasha is moderately wounded.
Natasha casts a spell.
Natasha claws you.
* * * LOW HITPOINT WARNING * * *
You slash Natasha!
You kill Natasha!
Natasha screams in fury as she dies!
The white imp disappears in a puff of smoke!
The goblin closely misses you.
Unknown command.
You slash the goblin!
You kill the goblin!
The goblin hits you with a +0 dagger.
* * * LOW HITPOINT WARNING * * *
You hit the goblin.
You kill the goblin!
The goblin hits you with a +0 club.
* * * LOW HITPOINT WARNING * * *
You barely miss the goblin. The goblin closely misses you.
The goblin hits you with a +0 club.
You die...

#### ..##
#######..#
8.8.8.8..# #
.......g.## #
..........## #
........h..# #
....gg...#.###### #
.........#..)g@.# #
8.8.8.8..#.####.###
###########..#
#...#
.....#.......#
###.#
####...###...# #.#
###...#...# #.#
#.#.#...######.#
#...#...#......#
###.#...#.######


You could see a goblin.

Vanquished Creatures
  Natasha (twice) (D:3)
  2 adders (D:3)
  3 worms
  2 dart slugs (D:1)
  3 orcs
  6 ball pythons
  8 bats
  8 endoplasms
  5 giant cockroaches
  3 hobgoblins
  14 jackals
  2 quokkas
  9 frilled lizards
  5 goblins
  4 kobolds
  5 rats
81 creatures vanquished.

Notes
Turn   | Place    | Note
-------+----------+-------------------------------------------
     0 | D:1      | H0rd4k the Human Artificer began the quest for the Orb.
     0 | D:1      | Reached XP level 1. HP: 15/15 MP: 1/1
   300 | D:1      | Reached XP level 2. HP: 21/21 MP: 2/2
   375 | D:1      | Found a faded altar of an unknown god.
   783 | D:1      | Reached XP level 3. HP: 25/26 MP: 3/3
   799 | D:1      | Reached skill level 1 in Maces & Flails
  1773 | D:2      | Reached XP level 4. HP: 30/32 MP: 4/4
  3270 | D:3      | Found Dyocegukyri's Armour Boutique.
  3411 | D:3      | Noticed Natasha
  3418 | D:3      | Killed Natasha
  3419 | D:3      | Reached skill level 1 in Long Blades
  3419 | D:3      | Reached XP level 5. HP: 25/38 MP: 5/5
  4007 | D:3      | Noticed Natasha
  4007 | D:3      | Noticed Ijyb
  4034 | D:3      | Killed Natasha
  4038 | D:3      | Slain by a goblin

Illustrated notes

Levels and vault maps discovered:
D:1:      tarquinn_simple_flora_water_d, layout_basic,
          ebering_ecumenical_altar_mist
D:2:      layout_basic
D:3:      kennysheep_the_goblin_king, layout_basic, serial_shops, shop,
          roderic_serpentine_path, uniq_natasha

Skill      XL: |  1  2  3  4  5 |
---------------+----------------+-----
Maces & Flails | 1 2 |  2.0
Dodging        | 2 |  2.2
Long Blades    | 1 |  1.8
Fighting       | 2 |  2.2
Stealth        | 2 |  2.1
Armour         | |  2.0
Evocations     | |  3.5

Action                   |  1- 3 |  4- 6 || total
-------------------------+-------+-------++-------
Melee: Club              |   108 |       ||   108
       Mace              |    54 |    56 ||   110
       Punch             |     1 |       ||     1
       Falchion          |       |    67 ||    67
Evoke: Wand              |       |     1 ||     1
 Stab: Sleeping          |     6 |     7 ||    13
Armor: Leather armour    |    85 |    32 ||   117
Dodge: Dodged            |   140 |    89 ||   229
